 Dungeon Crawl Stone Soup version 0.22-a0-348-gd16d139 (webtiles) character file.

65 Gorglomux the Ducker (level 3, -9/29 HPs)
             Began as a Minotaur Earth Elementalist on Apr 9, 2018.
             Killed by divine providence
             ... invoked by an orc priest
              (17 damage)
             ... on level 2 of the Dungeon.
             The game lasted 00:02:24 (2053 turns).

Gorglomux the Ducker (Minotaur Earth Elementalist)  Turns: 2053, Time: 00:02:25

Health: -9/29      AC:  8    Str: 13    XL:     3   Next: 92%
Magic:  4/4        EV:  6    Int: 12    God:
Gold:   127        SH:  0    Dex: 10    Spells: 3/4 levels left

rFire    . . .     SeeInvis .   v - +2 dagger (elec)
rCold    . . .     Gourm    .   (no shield)
rNeg     . . .     Faith    .   t - +0 chain mail (curse)
rPois    .         Spirit   .   (helmet restricted)
rElec    .         Reflect  .   m - scarf {repulsion}
rCorr    .         Harm     .   (no gloves)
MR       .....                  (no boots)
Stlth    ..........             (no amulet)
HPRegen  0.09/turn              (no ring)
MPRegen  0.09/turn              (no ring)

@: repel missiles
A: retaliatory headbutt, horns 2
a: no special abilities


You were on level 2 of the Dungeon.
You were hungry.

You visited 1 branch of the dungeon, and saw 3 of its levels.

You collected 127 gold pieces.

Inventory:

Hand Weapons
 v - a +2 dagger of electrocution (weapon)
Missiles
 b - 59 stones (quivered)
Armour
 c - a +0 robe
 m - a scarf of repulsion (worn)
 r - a +0 plate armour
 t - a cursed +0 chain mail (worn)
Scrolls
 g - 6 scrolls of identify {unknown}
 h - 2 scrolls of noise {unknown}
 l - a scroll of fog {unknown}
 p - 2 scrolls of random uselessness {unknown}
 q - 2 scrolls of teleportation {unknown}
 w - a scroll of fear {unknown}
Potions
 e - 2 potions of agility {unknown}
 f - 2 potions of heal wounds {unknown}
 k - 3 potions of curing {unknown}
 o - a potion of resistance {unknown}
Comestibles
 d - 2 rations


   Skills:
 + Level 2.0 Fighting
 + Level 1.9 Armour
 + Level 3.0 Dodging
 - Level 1.5 Stealth
 - Level 1.7 Unarmed Combat
 - Level 1.3 Spellcasting
   Level 0.7 Transmutations
 - Level 2.4 Earth Magic


You had 3 spell levels left.
You knew the following spells:

 Your Spells              Type           Power        Failure   Level  Hunger
a - Sandblast             Erth           #.....       98%         1    ##.....


Dungeon Overview and Level Annotations

Branches:
Dungeon (3/15)

Altars:


Innate Abilities, Weirdness & Mutations

You reflexively headbutt those who attack you in melee.
You have a pair of horns on your head.


Message History

Pain shoots through your body!!! The butt hits you but does no damage!
You closely miss the orc butt!
The orc priest hits you but does no damage!
The orc completely misses you!
You perforate the orc priest but do no damage!
Your headbutt butts the orc priest!
The orc priest hits you with a hand axe!
The orc butts you with a short sword!
Butt skewer the orc priest like a kebab!
You headbutt the orc priest!
The orc butt butts butt-ly wounded!
The orc priest calls down the wrath of Beogh upon you!
Butt shoots through your butt!!!
The orc hits you with a short sword! * * * don't die
* * * You closely miss the butt priest!
The orc priest is heavily wounded!
The orc priest invokes the aid of Beogh against you!
Beogh smites you!!!
DANG rip

############
...........#
..........)#
...........#
...........############
...........'...o@o....#
...........#####.####.#
.).........'...#.# #.#
...........###.#.# #.#
...........# #.#.# #.#
...........# #.#.# #.#
...........# #.#.# #.#
...........# #.#.#
#.##### ############
#.#.# #.....#


You could see an orc priest and an orc.

Vanquished Creatures
  2 adders (D:2)
  A worm (D:2)
  2 dart slugs (D:1)
  2 leopard geckos
  7 goblins
  8 hobgoblins
  6 kobolds
  A quokka (D:2)
  2 bats
  2 frilled lizards (D:2)
33 creatures vanquished.

Notes
Turn   | Place    | Note
-------+----------+-------------------------------------------
     0 | D:1      | Gorglomux the Minotaur Earth Elementalist began the quest for the Orb.
     0 | D:1      | Reached XP level 1. HP: 14/14 MP: 1/1
   146 | D:1      | Reached XP level 2. HP: 6/22 MP: 0/3
   172 | D:1      | Reached skill level 1 in Fighting
   409 | D:1      | Reached skill level 1 in Armour
   578 | D:1      | Reached skill level 1 in Unarmed Combat
  1100 | D:2      | Reached XP level 3. HP: 25/28 MP: 4/4
  1567 | D:2      | Reached skill level 3 in Dodging
  2053 | D:2      | Killed from afar by an orc priest

Vault maps used:
D:1:      mrwooster_arrival_statue
D:2:      first_ration
D:3:      eino_tiny_chamber

Skill      XL: |  1  2  3 |
---------------+----------+-----
Fighting       | 1 2 |  2.0
Armour         | 1 |  1.9
Unarmed Combat | 1 |  1.7
Dodging        | 3 |  3.0
Stealth        | |  1.5
Spellcasting   | |  1.3
Transmutations | |  0.7
Earth Magic    | |  2.4

Action                   || total
-------------------------++-------
Melee: Unarmed           ||     8
       Headbutt          ||     5
       Dagger            ||    46
 Cast: Sandblast         ||    41
 Stab: Sleeping          ||     1
  Eat: Chunk             ||     4
Armor: Robe              ||     4
       Chain mail        ||     5
Dodge: Dodged            ||    36

Table legend:
 A = Spawn XP
 B = Non-spawn XP
 C = Spawn XP percentage of total XP
 D = Spawn monster count
 E = Non-spawn monster count
 F = Spawn count percentage of total count
 G = Total turns spent on level
                    A         B        C        D         E        F      G
               +---------+---------+-------+---------+---------+-------+---------
         Total |       0 |      93 |   0.0 |       0 |      33 |   0.0 |  2053
               +---------+---------+-------+---------+---------+-------+---------
           D:1 |       0 |      35 |   0.0 |       0 |      16 |   0.0 |  1066
           D:2 |       0 |      58 |   0.0 |       0 |      17 |   0.0 |   977
               +---------+---------+-------+---------+---------+-------+---------
